% Time on Ice - VANCOUVER VOODOO
Lines # - Real PCT - Wanted PCT - Time Play
Normal Forward
1 - 31% - 33% - 15:56
2 - 29% - 31% - 14:48
3 - 26% - 24% - 12:57
4 - 14% - 12% - 7:06
Normal Defense
1 - 35% - 36% - 17:43
2 - 34% - 34% - 17:30
3 - 31% - 30% - 15:34
4 - 0% - 0% - 0:00
PP Forward
1 - 67% - 55% - 1:20
2 - 33% - 45% - 0:39
PP Defense
1 - 33% - 50% - 0:39
2 - 67% - 50% - 1:20
PK Forward
1 - 65% - 55% - 4:42
2 - 35% - 45% - 2:32
PK Defense
1 - 55% - 50% - 3:57
2 - 45% - 50% - 3:17
PK3 Forward
1 - 0% - 55%
2 - 0% - 45%
PK3 Defense
1 - 0% - 55%
2 - 0% - 45%
44 Forward
1 - 0% - 55%
2 - 0% - 45%
44 Defense
1 - 0% - 50%
2 - 0% - 50%
Last Minute Offensive  - 0:00
Last Minute Defensive  - 0:00
Total
Forward - 60:00
Defense - 60:00
% Time on Ice - LAS VEGAS LIZARD KINGS
Lines # - Real PCT - Wanted PCT - Time Play
Normal Forward
1 - 35% - 38% - 17:56
2 - 30% - 30% - 15:01
3 - 24% - 26% - 12:23
4 - 11% - 6% - 5:27
Normal Defense
1 - 37% - 45% - 18:44
2 - 34% - 35% - 17:11
3 - 26% - 20% - 13:27
4 - 3% - 0% - 1:25
PP Forward
1 - 65% - 80% - 4:44
2 - 35% - 20% - 2:30
PP Defense
1 - 64% - 80% - 4:39
2 - 36% - 20% - 2:35
PK Forward
1 - 89% - 70% - 1:46
2 - 11% - 30% - 0:13
PK Defense
1 - 48% - 50% - 0:57
2 - 52% - 50% - 1:02
PK3 Forward
1 - 0% - 55%
2 - 0% - 45%
PK3 Defense
1 - 0% - 55%
2 - 0% - 45%
44 Forward
1 - 0% - 55%
2 - 0% - 45%
44 Defense
1 - 0% - 55%
2 - 0% - 45%
Last Minute Offensive  - 0:00
Last Minute Defensive  - 0:00
Total
Forward - 60:00
Defense - 60:00
Play-by-Play 1st period 0:01 of 1st period - Ryan Nugent-Hopkins wins face-off versus Noel Acciari in neutral zone. 0:08 of 1st period - Shot by Nino Niederreiter. 0:08 of 1st period - Stopped by Carey Price without a rebound. 0:09 of 1st period - Sean Monahan wins face-off versus Nicolas Roy in VANCOUVER VOODOO zone. 0:09 of 1st period - Sean Monahan is hit by Nick Holden. 0:11 of 1st period - Shot by Nick Leddy. 0:11 of 1st period - Shot Blocked by Jonathan Drouin. 1:17 of 1st period - Shot by Jake Evans. 1:17 of 1st period - Stopped by Marc-Andre Fleury with a rebound. 1:19 of 1st period - Shot by Mikko Lehtonen. 1:19 of 1st period - Stopped by Marc-Andre Fleury with a rebound. 1:21 of 1st period - Shot by Anders Bjork. 1:21 of 1st period - Stopped by Marc-Andre Fleury without a rebound. 1:22 of 1st period - Noel Acciari wins face-off versus Ryan Nugent-Hopkins in LAS VEGAS LIZARD KINGS zone. 1:32 of 1st period - Icing by Olli Maatta. 1:33 of 1st period - Ryan Nugent-Hopkins wins face-off versus Adam Gaudette in LAS VEGAS LIZARD KINGS zone. 1:33 of 1st period - Ryan Nugent-Hopkins is hit by Brendan Lemieux. 1:39 of 1st period - Shot by Johnny Gaudreau. 1:39 of 1st period - Shot Misses the Net. 1:52 of 1st period - Minor Penalty to Nicolas Hague for Holding. 1:53 of 1st period - Noel Acciari wins face-off versus Ryan Nugent-Hopkins in VANCOUVER VOODOO zone. 1:59 of 1st period - Icing by John Marino. 2:00 of 1st period - Noel Acciari wins face-off versus Ryan Nugent-Hopkins in LAS VEGAS LIZARD KINGS zone. 2:37 of 1st period - Shot by Johnny Gaudreau. 2:37 of 1st period - Shot Misses the Net. 4:02 of 1st period - Olli Maatta is hit by Brendan Lemieux and loses puck. 4:11 of 1st period - Shot by Keith Yandle. 4:11 of 1st period - Stopped by Marc-Andre Fleury with a rebound. 4:14 of 1st period - Icing by Olli Maatta. 4:15 of 1st period - Evan Rodrigues wins face-off versus Nicolas Roy in LAS VEGAS LIZARD KINGS zone. 5:09 of 1st period - Icing by Jake Evans. 5:10 of 1st period - Jake Evans wins face-off versus Ryan Nugent-Hopkins in VANCOUVER VOODOO zone. 5:10 of 1st period - Jake Evans is hit by Ryan Nugent-Hopkins. 5:15 of 1st period - Minor Penalty to Ryan Nugent-Hopkins for Holding. 5:16 of 1st period - Derek Ryan wins face-off versus Adam Gaudette in LAS VEGAS LIZARD KINGS zone. 5:16 of 1st period - Derek Ryan is hit by Josh Anderson. 5:30 of 1st period - Shot by Jonathan Drouin. 5:30 of 1st period - Shot Misses the Net. 7:58 of 1st period - Noel Acciari is hit by Victor Olofsson and loses puck. 8:17 of 1st period - Icing by Noel Acciari. 8:18 of 1st period - Noel Acciari wins face-off versus Ryan Nugent-Hopkins in VANCOUVER VOODOO zone. 8:47 of 1st period - Keith Yandle is hit by Ryan Nugent-Hopkins and loses puck. 8:56 of 1st period - Shot by Jake Evans. 8:56 of 1st period - Shot Blocked by John Marino. 9:27 of 1st period - Shot by Jonathan Drouin. 9:27 of 1st period - Stopped by Marc-Andre Fleury without a rebound. 9:28 of 1st period - Derek Ryan wins face-off versus Adam Gaudette in LAS VEGAS LIZARD KINGS zone. 9:35 of 1st period - Brendan Lemieux is hit by Dylan Gambrell and loses puck. 10:22 of 1st period - Shot by Brandon Hagel. 10:22 of 1st period - Stopped by Carey Price with a rebound. 10:24 of 1st period - Shot by Sean Monahan. 10:24 of 1st period - Shot Blocked by Keith Yandle. 10:26 of 1st period - Shot by Sean Monahan. 10:26 of 1st period - Stopped by Carey Price without a rebound. 10:27 of 1st period - Nicolas Roy wins face-off versus Brandon Hagel in VANCOUVER VOODOO zone. 10:32 of 1st period - Sean Monahan is hit by Nicolas Roy and loses puck. 10:56 of 1st period - Shot by Jonathan Drouin. 10:56 of 1st period - Stopped by Marc-Andre Fleury without a rebound. 10:57 of 1st period - Noel Acciari wins face-off versus Ryan Nugent-Hopkins in LAS VEGAS LIZARD KINGS zone. 11:02 of 1st period - Shot by Andreas Johnsson. 11:02 of 1st period - Stopped by Marc-Andre Fleury with a rebound. 11:04 of 1st period - Shot by Noel Acciari. 11:04 of 1st period - Stopped by Marc-Andre Fleury with a rebound. 11:06 of 1st period - Shot by Noel Acciari. 11:06 of 1st period - Goal by Noel Acciari - VANCOUVER VOODOO : 1 - LAS VEGAS LIZARD KINGS : 0. 11:07 of 1st period - Ryan Nugent-Hopkins wins face-off versus Jake Evans in neutral zone. 12:09 of 1st period - Shot by Andreas Johnsson. 12:09 of 1st period - Deflect By Noel Acciari. 12:09 of 1st period - Stopped by Marc-Andre Fleury without a rebound. 12:10 of 1st period - Nicolas Roy wins face-off versus Derek Ryan in LAS VEGAS LIZARD KINGS zone. 12:10 of 1st period - Nicolas Roy is hit by Brayden McNabb. 12:15 of 1st period - Nicolas Roy is hit by Brayden McNabb and loses puck. 14:00 of 1st period - Icing by Nick Leddy. 14:01 of 1st period - Evan Rodrigues wins face-off versus Marcus Johansson in LAS VEGAS LIZARD KINGS zone. 14:05 of 1st period - Bobby Ryan is hit by Nicolas Hague and loses puck. 14:12 of 1st period - Shot by Matthew Nieto. 14:12 of 1st period - Shot Misses the Net. 14:14 of 1st period - Shot by Matthew Nieto. 14:14 of 1st period - Stopped by Carey Price without a rebound. 14:15 of 1st period - Jake Evans wins face-off versus Ryan Nugent-Hopkins in VANCOUVER VOODOO zone. 14:42 of 1st period - Shot by Nino Niederreiter. 14:42 of 1st period - Shot Misses the Net. 14:44 of 1st period - Shot by John Marino. 14:44 of 1st period - Stopped by Carey Price without a rebound. 14:45 of 1st period - Derek Ryan wins face-off versus Noel Acciari in VANCOUVER VOODOO zone. 15:19 of 1st period - Shot by Barclay Goodrow. 15:19 of 1st period - Shot Misses the Net. 15:26 of 1st period - Icing by Noel Acciari. 15:27 of 1st period - Noel Acciari wins face-off versus Ryan Nugent-Hopkins in VANCOUVER VOODOO zone. 15:27 of 1st period - Noel Acciari is hit by Ryan Nugent-Hopkins. 16:24 of 1st period - Shot by Anders Bjork. 16:24 of 1st period - Shot Blocked by Kevan Miller. 16:26 of 1st period - Shot by Jake Evans. 16:26 of 1st period - Stopped by Marc-Andre Fleury with a rebound. 16:30 of 1st period - Shot by Jake Evans. 16:30 of 1st period - Stopped by Marc-Andre Fleury without a rebound. 16:31 of 1st period - Derek Ryan wins face-off versus Adam Gaudette in LAS VEGAS LIZARD KINGS zone. 16:58 of 1st period - Shot by Brendan Lemieux. 16:58 of 1st period - Stopped by Marc-Andre Fleury with a rebound. 19:06 of 1st period - Shot by Marcus Johansson. 19:06 of 1st period - Shot Misses the Net. 19:57 of 1st period - Shot by Barclay Goodrow. 19:57 of 1st period - Goal by Barclay Goodrow - VANCOUVER VOODOO : 1 - LAS VEGAS LIZARD KINGS : 1. 19:58 of 1st period - Evan Rodrigues wins face-off versus Josh Anderson in neutral zone. Goals for this period are 1 for VANCOUVER VOODOO vs 1 for LAS VEGAS LIZARD KINGS. Shots for this period are 13 for VANCOUVER VOODOO vs 6 for LAS VEGAS LIZARD KINGS. 2nd period 0:01 of 2nd period - Noel Acciari wins face-off versus Ryan Nugent-Hopkins in neutral zone. 0:13 of 2nd period - Johnny Gaudreau is hit by Nick Holden and loses puck. 0:15 of 2nd period - Minor Penalty to Nick Holden for Hooking. 0:16 of 2nd period - Ryan Nugent-Hopkins wins face-off versus Noel Acciari in VANCOUVER VOODOO zone. 1:34 of 2nd period - Shot by Sean Monahan. 1:34 of 2nd period - Goal by Sean Monahan - VANCOUVER VOODOO : 1 - LAS VEGAS LIZARD KINGS : 2. 1:35 of 2nd period - Nicolas Roy wins face-off versus Evan Rodrigues in neutral zone. 1:47 of 2nd period - Nicolas Roy is hit by Kevan Miller and loses puck. 2:27 of 2nd period - Icing by Olli Maatta. 2:28 of 2nd period - Jake Evans wins face-off versus Evan Rodrigues in LAS VEGAS LIZARD KINGS zone. 2:34 of 2nd period - Minor Penalty to Jake Evans for Goalie Interference. 2:35 of 2nd period - Derek Ryan wins face-off versus Jonathan Drouin in VANCOUVER VOODOO zone. 2:40 of 2nd period - Shot by Johnny Gaudreau. 2:40 of 2nd period - Shot Misses the Net. 2:42 of 2nd period - Shot by Ryan Nugent-Hopkins. 2:42 of 2nd period - Shot Misses the Net. 2:44 of 2nd period - Shot by Ryan Nugent-Hopkins. 2:44 of 2nd period - Deflect By Johnny Gaudreau. 2:44 of 2nd period - Goal by Johnny Gaudreau - VANCOUVER VOODOO : 1 - LAS VEGAS LIZARD KINGS : 3. 2:45 of 2nd period - Jake Evans wins face-off versus Ryan Nugent-Hopkins in neutral zone. 2:49 of 2nd period - Off-side. 2:50 of 2nd period - Ryan Nugent-Hopkins wins face-off versus Jake Evans in neutral zone. 2:54 of 2nd period - Off-side. 2:55 of 2nd period - Noel Acciari wins face-off versus Johnny Gaudreau in neutral zone. 3:17 of 2nd period - Shot by Ryan Nugent-Hopkins. 3:17 of 2nd period - Shot Misses the Net. 3:23 of 2nd period - Shot by Johnny Gaudreau. 3:23 of 2nd period - Deflect By Nino Niederreiter. 3:23 of 2nd period - Shot Misses the Net. 3:25 of 2nd period - Shot by Nino Niederreiter. 3:25 of 2nd period - Stopped by Carey Price without a rebound. 3:26 of 2nd period - Nicolas Roy wins face-off versus Derek Ryan in VANCOUVER VOODOO zone. 3:58 of 2nd period - Off-side. 3:59 of 2nd period - Noel Acciari wins face-off versus Ryan Nugent-Hopkins in neutral zone. 4:12 of 2nd period - Shot by Andreas Johnsson. 4:12 of 2nd period - Stopped by Marc-Andre Fleury without a rebound. 4:13 of 2nd period - Jake Evans wins face-off versus Sean Monahan in LAS VEGAS LIZARD KINGS zone. 5:12 of 2nd period - Shot by Noel Acciari. 5:12 of 2nd period - Deflect By Andreas Johnsson. 5:12 of 2nd period - Stopped by Marc-Andre Fleury without a rebound. 5:13 of 2nd period - Ryan Nugent-Hopkins wins face-off versus Nicolas Roy in LAS VEGAS LIZARD KINGS zone. 5:13 of 2nd period - Ryan Nugent-Hopkins is hit by Josh Anderson. 6:12 of 2nd period - Icing by Nick Holden. 6:13 of 2nd period - Noel Acciari wins face-off versus Derek Ryan in VANCOUVER VOODOO zone. 6:13 of 2nd period - Noel Acciari is hit by Barclay Goodrow. 6:35 of 2nd period - Shot by Barclay Goodrow. 6:35 of 2nd period - Stopped by Carey Price without a rebound. 6:36 of 2nd period - Jake Evans wins face-off versus Sean Monahan in VANCOUVER VOODOO zone. 6:58 of 2nd period - Minor Penalty to Jake Evans for Roughing. 6:59 of 2nd period - Ryan Nugent-Hopkins wins face-off versus Noel Acciari in VANCOUVER VOODOO zone. 7:10 of 2nd period - Shot by Johnny Gaudreau. 7:10 of 2nd period - Shot Misses the Net. 7:12 of 2nd period - Shot by Johnny Gaudreau. 7: